Map: Acid Plant LE

Players

Pockets

  • Race: Zerg Zerg
  • League: Master
  • Spawn Location: 5:00

Ultrahugs - Winner!

  • Race: Zerg Zerg
  • League: Diamond
  • Spawn Location: 11:00

VOD

Have the link to the VOD?

Description

Diamond vs Master 3 zvz

Time

  • Played on: June 28, 2018, 10:10 p.m.
  • Length: 25:13
Show
View Real Time Build Order
Export as new Build Order

Pockets Zerg 

Build Orders: Hatch First, Lurkers 

Get SALT Encoding   

  12  0:01  Drone  
  13  0:12  Overlord  
  13  0:17  Drone  
  14  0:30  Drone x2  
  14  0:34  Drone  
  17  0:53  Hatchery  
  17  0:55  Drone  
  17  1:09  Spawning Pool  
  16  1:12  Drone  
  16  1:16  Extractor  
  16  1:17  Drone  
  17  1:20  Drone  
  18  1:29  Drone  
  19  1:39  Drone  
  20  1:49  Overlord  
  20  1:56  Queen  
  22  2:04  Queen  
  22  2:06  Zergling x4  
  26  2:11  Drone  
  27  2:16  Drone  
  27  2:18  Metabolic Boost  
  27  2:22  Drone  
  29  2:27  Drone  
  30  2:34  Drone  
  30  2:35  Queen  
  33  2:37  Drone  
  34  2:49  Zergling x4  
  36  3:00  Hatchery  
  36  3:03  Drone  
  36  3:05  Overlord  
  36  3:17  Evolution Chamber  
  35  3:22  Lair  
  35  3:26  Drone x2  
  37  3:27  Roach Warren  
  37  3:30  Drone x2  
  37  3:33  Drone  
  38  3:46  Drone x5  
  43  3:49  Overlord  
  43  4:14  Evolution Chamber  
  43  4:15  Overlord, Extractor x2, Drone x3  
  43  4:16  Drone  
  44  4:17  Drone  
  44  4:18  Drone x2  
  44  4:21  Drone x4  
  50  4:30  Roach x4  
  58  4:47  Roach x4  
  58  4:48  Glial Reconstitution  
  66  4:55  Overlord  
  66  4:58  Zerg Missile Weapons Level 1  
  66  5:12  Overlord x2  
  65  5:26  Drone x2  
  65  5:32  Drone  
  65  5:33  Drone x2  
  68  5:36  Drone  
  68  5:37  Drone x8  
  68  5:39  Spine Crawler  
  68  5:41  Overseer  
  75  5:46  Hydralisk Den  
  75  5:48  Zerg Ground Armor Level 1  
  74  5:58  Overlord x2  
  74  5:59  Roach x4  
  82  6:09  Overlord  
  82  6:10  Overlord x2  
  82  6:21  Roach  
  82  6:22  Roach x7  
  98  6:30  Roach  
  98  6:31  Roach x6  
  112  6:33  Extractor  
  111  6:41  Evolution Chamber  
  110  6:49  Evolution Chamber  
  110  6:51  Drone x2  
  110  6:52  Drone x2, Roach  
  110  6:53  Roach x3  
  121  7:02  Drone  
  121  7:03  Lurker Den  
  121  7:04  Overlord x4  
  121  7:26  Drone  
  120  7:35  Roach  
  120  7:36  Roach x10  
  120  7:37  Roach  
  140  7:44  Roach x2  
  132  7:54  Extractor  
  132  7:55  Extractor  
  130  7:59  Spine Crawler  
  130  8:01  Spine Crawler, Drone x3  
  130  8:02  Drone x3  
  130  8:04  Spine Crawler x2  
  132  8:05  Spine Crawler, Overseer  
  132  8:07  Spine Crawler  
  130  8:16  Drone x4  
  134  8:20  Zerg Missile Weapons Level 2  
  134  8:22  Zergling x2  
  134  8:23  Zergling x2  
  134  8:24  Zergling x10  
  141  8:42  Zerg Ground Armor Level 2  
  141  8:45  Hydralisk x6  
  153  8:54  Overlord  
  153  8:55  Overlord x3  
  153  9:07  Hydralisk x2  
  153  9:09  Overlord  
  153  9:10  Overlord x2  
  124  9:33  Lurker x6  
  124  9:34  Hydralisk x2  
  128  9:50  Lurker  
  128  9:51  Overlord, Lurker  
  130  9:57  Zergling x16  
  138  10:03  Hatchery  
  137  10:08  Drone x2  
  137  10:14  Infestation Pit  
  137  10:17  Roach x4  
  137  10:18  Roach x2  
  137  10:20  Roach x2  
  140  10:33  Roach  
  140  10:34  Roach x6  
  154  10:39  Roach  
  149  10:57  Drone x2  
  149  10:58  Drone x3  
  154  11:06  Hive  
  154  11:13  Overseer  
  154  11:15  Hydralisk  
  154  11:16  Hydralisk x12  
  174  11:26  Roach x4  
  174  11:28  Roach  
  174  11:29  Roach  
  174  11:30  Roach  
  174  11:31  Roach  
  143  11:39  Roach x3  
  136  11:43  Roach x3  
  126  11:55  Roach  
  126  11:56  Roach x3  
  126  11:57  Roach x4  
  126  12:01  Roach x2  
  132  12:03  Roach  
  109  12:15  Roach x4  
  115  12:16  Roach  
  115  12:18  Roach x2  
  115  12:19  Roach  
  101  12:39  Queen  
  89  12:52  Hydralisk  
  89  12:53  Hydralisk x12  
  89  12:54  Zergling x2  
  112  13:02  Roach Warren  
  108  13:30  Lurker x3  
  108  13:31  Lurker  
  112  13:37  Swarm Host  
  87  13:42  Roach x17  
  104  13:50  Roach x2  
  96  14:02  Spine Crawler  
  96  14:03  Spine Crawler  
  92  14:20  Ravager x3  
  97  14:24  Roach  
  97  14:25  Roach x10  
  97  14:26  Roach  
  112  14:32  Roach x2  
  112  14:39  Spore Crawler  
  105  14:49  Roach x2  
  105  14:50  Roach x4  
  105  14:52  Roach x2  
  111  14:56  Roach x3  
  110  15:12  Hydralisk  
  110  15:13  Hydralisk x4  
  120  15:19  Extractor, Queen  
  120  15:20  Extractor  
  108  15:47  Hydralisk  
  108  15:48  Hydralisk x6  
  104  16:11  Hatchery  
  103  16:23  Lurker x3  
  106  16:26  Lurker  
  106  16:28  Roach  
  106  16:29  Roach x2  
  113  16:43  Zerg Missile Weapons Level 3  
  113  16:56  Spore Crawler  
  113  16:58  Grooved Spines  
  110  17:03  Drone, Hydralisk x3  
  110  17:07  Spore Crawler  
  110  17:37  Drone x2  
  110  17:38  Drone x4  
  116  17:46  Viper  
  116  17:47  Roach x4  
  116  17:48  Roach  
  129  18:00  Lurker x2  
  133  18:05  Roach  
  133  18:06  Roach  
  135  18:13  Spore Crawler  
  135  18:19  Roach x2  
  118  18:20  Roach  
  116  18:32  Roach  
  112  18:53  Drone x3  
  115  19:08  Spore Crawler  
  112  19:25  Lurker x2  
  112  19:26  Hydralisk  
  116  19:52  Hatchery  
  115  20:04  Drone  
  116  20:12  Roach  
  118  20:30  Spore Crawler  
  117  20:39  Drone x4  
  117  20:40  Drone x3  
  124  20:51  Spore Crawler  
  124  20:52  Zerg Ground Armor Level 3  
  121  21:24  Roach  
  121  21:25  Roach x7  
  102  22:26  Hatchery  
  102  22:27  Roach  
  102  22:28  Roach x3  
  109  22:32  Unknown  
  106  23:00  Hydralisk x2  
  106  23:01  Hydralisk x2  
  114  23:24  Hydralisk, Roach  
  114  23:25  Roach x2  
  103  23:49  Roach  
  103  23:50  Roach x6  
  103  23:55  Roach x2  
  67  24:10  Roach x2  
  57  24:18  Roach  
Show
View Real Time Build Order
Export as new Build Order

Ultrahugs Zerg - Winner!

Build Orders: Hatch First 

Get SALT Encoding   

  12  0:00  Drone  
  13  0:13  Overlord  
  13  0:22  Drone  
  14  0:32  Drone x2  
  16  0:36  Drone  
  17  0:53  Hatchery  
  17  0:55  Drone  
  17  0:59  Drone  
  18  1:09  Extractor  
  17  1:14  Spawning Pool  
  17  1:17  Drone  
  17  1:20  Drone  
  18  1:29  Drone  
  19  1:43  Overlord  
  19  2:02  Queen  
  19  2:04  Zergling x4  
  19  2:05  Zergling x2, Queen  
  26  2:12  Metabolic Boost  
  26  2:15  Drone  
  27  2:17  Drone  
  28  2:27  Drone x2  
  30  2:41  Baneling Nest, Drone x2  
  30  2:43  Queen  
  33  3:00  Hatchery  
  33  3:05  Drone x2  
  33  3:12  Drone x2  
  35  3:13  Drone  
  36  3:24  Overlord x2  
  35  3:43  Zergling x2  
  35  3:44  Zergling x10  
  41  3:56  Drone x4  
  41  3:58  Extractor  
  44  4:02  Roach Warren  
  44  4:03  Evolution Chamber  
  44  4:09  Lair  
  42  4:18  Drone x7  
  42  4:19  Drone  
  50  4:30  Zerg Missile Weapons Level 1  
  50  4:42  Extractor  
  50  4:44  Queen  
  50  4:45  Overlord x2, Extractor  
  50  4:46  Overlord  
  50  4:52  Overlord x2  
  49  5:10  Drone x5  
  49  5:12  Drone x2  
  49  5:13  Drone x2  
  49  5:14  Drone  
  59  5:16  Drone x3  
  61  5:29  Queen  
  61  5:33  Extractor  
  61  5:34  Spine Crawler  
  59  5:37  Roach  
  59  5:38  Roach x3  
  68  5:51  Glial Reconstitution  
  68  5:54  Unknown  
  68  5:56  Evolution Chamber  
  67  5:57  Roach  
  67  5:58  Roach x5  
  79  6:07  Roach x3  
  85  6:20  Baneling x2  
  85  6:23  Roach  
  85  6:24  Roach  
  85  6:25  Zerg Missile Weapons Level 2, Zerg Ground Armor Level 1  
  89  6:27  Overlord  
  89  6:39  Overlord x2  
  88  6:46  Drone  
  88  6:47  Drone x9  
  94  6:54  Overlord  
  94  6:55  Overlord x2  
  94  6:57  Overseer  
  94  7:03  Pneumatized Carapace  
  94  7:07  Roach x3  
  102  7:08  Roach  
  102  7:11  Roach  
  102  7:13  Roach  
  102  7:15  Roach  
  108  7:16  Roach  
  108  7:18  Unknown  
  110  7:24  Roach x4  
  118  7:39  Zergling x18  
  118  7:40  Roach Warren  
  122  7:58  Hatchery  
  121  8:07  Unknown  
  121  8:13  Extractor  
  121  8:18  Extractor  
  119  8:28  Zerg Ground Armor Level 2  
  117  8:34  Unknown  
  117  8:49  Overlord x5  
  117  8:55  Roach x8  
  131  8:58  Roach x2  
  126  9:03  Roach x2  
  126  9:07  Roach  
  126  9:08  Roach  
  126  9:18  Roach x4  
  120  9:29  Roach x3  
  120  9:30  Roach  
  128  9:38  Hatchery  
  124  9:49  Spire  
  124  9:52  Ravager  
  122  9:53  Ravager  
  122  9:54  Ravager  
  122  9:55  Ravager x2  
  124  10:08  Roach  
  124  10:09  Roach x11  
  124  10:11  Ravager  
  124  10:12  Ravager  
  133  10:24  Overseer  
  133  10:28  Ravager x3  
  133  10:29  Roach x4  
  133  10:30  Roach x2  
  145  10:42  Roach x2  
  149  10:54  Overlord x2  
  149  10:58  Overlord  
  149  11:00  Hatchery  
  148  11:16  Roach x4  
  148  11:18  Ravager  
  157  11:19  Ravager  
  156  11:31  Roach  
  156  11:32  Roach x5  
  144  11:43  Roach x2  
  146  11:49  Roach x4  
  150  12:00  Roach x3  
  110  12:09  Roach x2  
  114  12:19  Ravager x2  
  114  12:20  Roach  
  114  12:21  Roach x3  
  124  12:28  Roach x2  
  115  12:36  Roach x3  
  109  12:39  Ravager x2  
  109  12:42  Roach  
  109  12:43  Ravager  
  107  12:44  Roach  
  95  12:54  Ravager  
  95  12:57  Roach  
  95  12:58  Roach x3  
  97  12:59  Ravager  
  97  13:00  Ravager  
  97  13:04  Roach x3  
  105  13:14  Roach x2  
  105  13:15  Roach  
  109  13:23  Roach x2  
  109  13:24  Roach x2  
  117  13:31  Roach x2  
  100  13:44  Roach x3  
  100  13:45  Roach  
  100  13:47  Roach  
  100  13:48  Roach  
  101  13:54  Mutalisk  
  101  13:55  Mutalisk  
  105  14:02  Ravager x2  
  104  14:11  Ravager  
  104  14:12  Ravager  
  104  14:13  Ravager  
  104  14:16  Ravager  
  104  14:17  Roach x3  
  108  14:30  Mutalisk, Roach  
  112  14:36  Ravager  
  72  15:01  Roach x13  
  98  15:07  Extractor x2  
  94  15:18  Unknown x3, Roach x2  
  94  15:19  Roach x2  
  95  15:29  Mutalisk x2  
  98  15:51  Roach x5  
  101  16:07  Ravager x2  
  103  16:12  Unknown x4  
  103  16:17  Ravager  
  103  16:18  Mutalisk, Ravager  
  107  16:34  Ravager x2  
  107  16:39  Hatchery  
  108  16:40  Queen  
  108  16:43  Queen  
  108  16:44  Unknown  
  112  16:49  Unknown  
  112  16:52  Mutalisk x2  
  110  17:16  Mutalisk x4  
  114  17:30  Roach  
  114  17:31  Roach x5  
  126  17:42  Infestation Pit  
  125  17:51  Ravager  
  126  17:52  Ravager  
  126  17:53  Ravager  
  126  17:56  Drone x9  
  137  18:02  Ravager  
  137  18:03  Ravager  
  139  18:10  Roach x3  
  119  18:39  Roach x2  
  119  18:40  Roach x8  
  134  18:57  Roach x5  
  134  19:01  Roach  
  144  19:15  Overseer  
  144  19:18  Ravager  
  144  19:20  Hatchery  
  143  19:31  Roach x5  
  153  19:41  Overlord x2  
  153  19:45  Extractor, Overseer  
  153  19:50  Extractor  
  153  19:52  Drone x3  
  154  20:01  Hive  
  154  20:06  Evolution Chamber  
  153  20:33  Drone x3  
  153  20:34  Drone x3  
  159  20:36  Roach x4  
  167  20:43  Ravager  
  167  20:48  Ravager x3  
  171  21:08  Roach x3  
  175  21:14  Zerg Missile Weapons Level 3  
  175  21:30  Hatchery  
  168  21:33  Extractor  
  168  21:35  Extractor  
  168  21:38  Overlord  
  168  21:39  Overlord x3  
  160  21:43  Zerg Ground Armor Level 3  
  155  22:20  Roach  
  155  22:21  Roach x11  
  170  23:01  Hatchery  
  170  23:04  Unknown  
  169  23:18  Unknown, Hatchery  
  168  23:25  Overlord x2, Roach  
  125  24:03  Roach x8  
  118  24:16  Overseer  
  106  24:18  Unknown  
  93  24:24  Roach x5  
  92  24:38  Roach x4  
  95  24:41  Overseer  
  95  24:44  Ravager  
Tags
 
Composition
Lurkers
Matchup
ZvZ
Race
Zerg
Spawn Locations
Cross Positions
Add a new tag
Caveats
  • Supply blocks, unpowered buildings, or Contaminate may cause inaccurate times.
  • Supply counts are checked every 10 seconds.